 Dungeon Crawl Stone Soup version 0.32-a0-876-gcfddb08e57 (webtiles) character file.

Game seed: 3923110720983738591

4762 Lanoc the Skirmisher (level 10, -11/80 HPs)
             Began as a Coglin Hunter on Apr 2, 2024.
             Was a Priest of Fedhas.
             Shot with an arrow by a centaur warrior (15 damage)
             ... on level 9 of the Dungeon.
             The game lasted 00:09:41 (8460 turns).

Lanoc the Skirmisher (Coglin Hunter)                Turns: 8460, Time: 00:09:41

Health: -11/80     AC:  9    Str: 12    XL:     10   Next: 47%
Magic:  10/10      EV: 16    Int:  5    God:    Fedhas [***...]
Gold:   419        SH:  0    Dex: 22    Spells: 9/9 levels left

rFire   + + +        a - +2 sling {Friðuswiþ}
rCold   . . .        d - +0 sling {Hans}
rNeg    + + .        C - +0 steam dragon scales
rPois   .            (no helmet)
rElec   .            (no cloak)
rCorr   .            F - +1 pair of gloves
SInv    .            y - +1 pair of boots of the Stag {-Cast rF+++ rN++ Int-3}
Will    .....        (amulet unavailable)
Stlth   ++           (ring unavailable)
HPRegen 0.33/turn    (ring unavailable)
MPRegen 0.12/turn    (no gizmo)

%: no spellcasting
@: no status effects
A: off-hand wielding, slow wielding, warmup strikes, no jewellery
a: Invent Gizmo, Renounce Religion, Wall of Briars, Grow Ballistomycete


You were on level 9 of the Dungeon.
You worshipped Fedhas.
Fedhas was most pleased with you.
You visited 2 branches of the dungeon, and saw 10 of its levels.
You also visited: Sewer.

You collected 419 gold pieces.

Inventory:

Hand Weapons
 a - a +2 sling (weapon) {Friðuswiþ}
 d - a +0 sling (offhand) {Hans}
 s - the +5 quarterstaff of a wizard's laboratory {flame, rPois Stlth+}
   (You found it on level 6 of the Dungeon)

   rPois:     It protects you from poison.
   Stlth+:    It makes you more stealthy.
Missiles
 l - 2 curare-tipped darts
Armour
 y - the +1 pair of boots of the Stag (worn) {-Cast rF+++ rN++ Int-3}
   (You found it on level 6 of the Dungeon)

   Int-3:     It affects your intelligence (-3).
   rF+++:     It renders you almost immune to fire.
   rN++:      It greatly protects you from negative energy.
   -Cast:     It prevents spellcasting.
 C - +0 steam dragon scales (worn)
 F - a +1 pair of gloves (worn)
Wands
 i - a wand of digging (3)
 p - a wand of mindburst (19)
 u - a wand of flame (3)
 D - a wand of paralysis (12)
Scrolls
 c - a scroll of blinking {unknown}
 e - 4 scrolls of amnesia {unknown}
 f - 4 scrolls of silence {unknown}
 h - 7 scrolls of identify {unknown}
 j - a scroll of noise {unknown}
 k - 3 scrolls of teleportation {unknown}
 m - a scroll of enchant weapon {unknown}
 o - 2 scrolls of enchant armour {unknown}
 q - a scroll of vulnerability {unknown}
 r - a scroll of revelation {unknown}
 t - 5 scrolls of poison {unknown}
 A - 3 scrolls of fear {unknown}
Potions
 g - 2 potions of invisibility
 n - 2 potions of might
 v - 2 potions of cancellation {unknown}
 w - 2 potions of resistance {unknown}
 x - a potion of mutation {unknown}
 z - 3 potions of heal wounds
 B - 3 potions of haste {unknown}
 E - a potion of curing {unknown}


   Skills:
 + Level 7.8 Fighting
 * Level 10.5 Ranged Weapons
 + Level 7.1 Dodging
 - Level 0.7 Stealth


You had 9 spell levels left.
You didn't know any spells.
Your spell library contained the following spells:

 Spells                   Type           Power      Damage    Failure   Level
 Freeze                   Ice            0%         1d3       47%         1
 Slow                     Hex            0%         N/A       47%         1
 Confusing Touch          Hex            0%         N/A       85%         3
 Frozen Ramparts          Ice            0%         1d1       85%         3
 Hailstorm                Conj/Ice       0%         3d5       85%         3
 Ozocubu's Armour         Ice            0%         N/A       85%         3
 Stone Arrow              Conj/Erth      0%         3d7       85%         3
 Vampiric Draining        Necr           0%         2d6       85%         3
 Animate Armour           Summ/Erth      0%         N/A       99%         4
 Dimensional Bullseye     Hex/Tloc       0%         N/A       99%         4
 Passage of Golubria      Tloc           0%         N/A       99%         4
 Metabolic Englaciation   Hex/Ice        0%         N/A       100%        5
 Lehudib's Crystal Spear  Conj/Erth      0%         10d2      100%        8


Dungeon Overview and Level Annotations

Branches:
Dungeon (9/15)             Temple (1/1) D:7           Sewer (visited)
   Lair: D:8-11         Orc: D:9-12

Altars:
Ashenzari
Cheibriados
Dithmenos
Elyvilon
Fedhas
Gozag
Hepliaklqana
Kikubaaqudgha
Makhleb
Okawaru
Sif Muna
Trog
Uskayaw
Wu Jian
Xom
Yredelemnul
Zin
The Shining One


Innate Abilities, Weirdness & Mutations

You can wield a second weapon in your off-hand.
It takes a long time for you to wield or remove held weapons.
Your first few attacks do less damage.
You cannot equip rings or amulets.


Message History

The centaur warrior is knocked back by the sudden gust.
The deep elf pyromancer completely misses your butterfly.
The centaur warrior unwields a +0 orcbow.
The centaur warrior closely misses your butterfly.
The centaur warrior completely misses your butterfly.
You swap places.
Something hits your butterfly!
Your butterfly dies!
Your butterfly disappears in a burst of colours!
Something hits your butterfly!
Your butterfly dies!
Your butterfly disappears in a burst of colours!
The centaur warrior hits your butterfly!
Your butterfly dies!
Your butterfly disappears in a burst of colours!
The centaur warrior hits your butterfly.
Your butterfly dies!
Your butterfly disappears in a burst of colours!
The centaur warrior closely misses your butterfly.
The centaur warrior barely misses your butterfly.
The centaur warrior hits your butterfly.
Your butterfly dies!
Your butterfly disappears in a burst of colours!
The centaur warrior hits your butterfly!
Your butterfly dies!
Your butterfly disappears in a burst of colours!
Something hits your butterfly!
Your butterfly dies!
Your butterfly disappears in a burst of colours!
Found a stone staircase leading down.
The centaur warrior wields a +0 orcbow.
The centaur warrior shoots an arrow.
The arrow hits you!
The centaur warrior shoots an arrow.
The arrow hits you!
The centaur warrior shoots an arrow.
The arrow hits you!
The centaur warrior shoots an arrow.
The arrow hits you!!
* * * LOW HITPOINT WARNING * * *
The centaur warrior shoots an arrow.
The arrow hits you!
* * * LOW HITPOINT WARNING * * *
There is a stone staircase leading down, spattered with blood here.
The centaur warrior shoots an arrow.
The arrow hits you!
You die...
Fedhas appreciates your contribution to the ecosystem.

#........#
#........#
#........#
#........#
#........#
#........#
#........#
#...@....#
#........#
######........#
#......b.####.#
#.c......# #
#.####...# #.#
#...# #b# #...#
#.# #.# #...#
#.#


You could see a centaur warrior (ally target).

Vanquished Creatures
  Joseph (D:7)
  Maggie (D:7)
  12 yaks
  A steam dragon (D:7)
  Menkaure (D:7)
  A water moccasin (D:7)
  An ice beast (D:7)
  2 ogres
  2 centaurs (D:6)
  A phantom (D:6)
  6 kobold brigands
  3 bullfrogs
  A scorpion (D:7)
  An electric eel (D:9)
  4 bombardier beetles
  3 orc priests
  5 hounds
  2 jellies
  A gnoll bouda (D:8)
  Natasha (D:2)
  An iguana (D:5)
  4 orc wizards
  13 adders
  A gnoll (D:1)
  3 river rats (Sewer)
  A shadow imp (D:8)
  A white imp (D:6)
  3 dart slugs
  2 ribbon worms
  17 orcs
  9 ball pythons
  10 endoplasms
  5 giant cockroaches
  8 goblins
  8 hobgoblins
  4 jackals (D:3)
  4 quokkas
  8 bats
  8 frilled lizards
  24 kobolds
  28 rats
212 creatures vanquished.

Notes
Turn   | Place    | Note
-------+----------+-------------------------------------------
     0 | D:1      | Lanoc the Coglin Hunter began the quest for the Orb.
     0 | D:1      | Reached XP level 1. HP: 16/16 MP: 1/1
    83 | D:1      | Got the Secrets of the Snowy Vertex
   153 | D:1      | Reached XP level 2. HP: 22/22 MP: 2/2
   260 | D:1      | Reached skill level 4 in Ranged Weapons
   293 | D:1      | Reached XP level 3. HP: 28/28 MP: 3/3
   986 | D:2      | Reached XP level 4. HP: 34/34 MP: 4/4
  1139 | D:2      | Noticed Natasha
  1147 | D:2      | Killed Natasha
  1835 | D:3      | Reached XP level 5. HP: 41/41 MP: 5/5
  2316 | D:4      | Noticed an ogre
  2321 | D:4      | Killed an ogre
  2322 | D:4      | Reached skill level 5 in Ranged Weapons
  2322 | D:4      | Reached XP level 6. HP: 45/47 MP: 6/6
  2428 | D:4      | Found a snail-covered altar of Cheibriados.
  2475 | D:4      | Found an opulent altar of Gozag.
  3287 | D:5      | Entered Level 5 of the Dungeon
  3297 | D:5      | Reached skill level 6 in Ranged Weapons
  3297 | D:5      | Reached XP level 7. HP: 38/54 MP: 7/7
  3642 | D:5      | Found a glowing golden altar of the Shining One.
  3745 | D:5      | Found a blossoming altar of Fedhas.
  3892 | D:5      | Became a worshipper of Fedhas Madash
  4126 | D:5      | Identified the ring "Urearph" {rPois rCorr Slay+3}
  4218 | D:5      | Found a shimmering altar of Xom.
  4410 | D:6      | Identified the +5 quarterstaff of a wizard's laboratory
                  | {flame, rPois Stlth+}
  4483 | D:6      | Found a glowing drain.
  4602 | Sewer    | Entered a sewer
  4649 | Sewer    | Reached XP level 8. HP: 32/61 MP: 8/8
  4649 | Sewer    | Reached * piety under Fedhas
  4896 | Sewer    | Reached skill level 7 in Ranged Weapons
  5104 | Sewer    | Reached ** piety under Fedhas
  5141 | Sewer    | Reached skill level 5 in Fighting
  5565 | D:6      | Identified the +1 pair of boots of the Stag {-Cast rF+++
                  | rN++ Int-3}
  5856 | D:6      | Reached skill level 5 in Dodging
  6234 | D:7      | Noticed Menkaure
  6238 | D:7      | Reached skill level 8 in Ranged Weapons
  6242 | D:7      | Killed Menkaure
  6243 | D:7      | Reached XP level 9. HP: 32/69 MP: 9/9
  6402 | D:7      | Found a staircase to the Ecumenical Temple.
  6430 | Temple   | Entered the Ecumenical Temple
  6533 | D:7      | Reached *** piety under Fedhas
  6597 | D:7      | Found a shimmering blue altar of Sif Muna.
  6603 | D:7      | Noticed Maggie
  6615 | D:7      | Killed Maggie
  6619 | D:7      | Noticed Joseph
  6632 | D:7      | Killed Joseph
  6633 | D:7      | Reached skill level 9 in Ranged Weapons
  7627 | D:7      | Reached XP level 10. HP: 62/79 MP: 10/10
  7712 | D:7      | Reached skill level 10 in Ranged Weapons
  8028 | D:8      | Found a shadowy altar of Dithmenos.
  8303 | D:8      | Found an ornate altar of the Wu Jian Council.
  8303 | D:8      | Found an ancient bone altar of Kikubaaqudgha.
  8303 | D:8      | Found a glowing silver altar of Zin.
  8431 | D:9      | Noticed a centaur warrior
  8434 | D:9      | Noticed a deep elf pyromancer
  8459 | D:9      | HP: 4/80 [centaur warrior/arrow (9)]
  8460 | D:9      | Shot with an arrow by a centaur warrior

Illustrated notes

Levels and vault maps discovered:
D:1:      spicycebolla_arrival_xxxplode, layout_basic, roderic_serpentine_path
D:2:      layout_loops_corners, grunt_decor_junction, uniq_natasha
D:3:      layout_loops_ring
D:4:      layout_loops_cross, nicolae_overflow_hidden_temple,
          mainiacjoe_overflow_surrounded_room, grunt_decor_one_mirror,
          patterned_corridor
D:5:      layout_loops_corners, tso_altar, mainiacjoe_overflow_cross_hatched,
          kennysheep_mini_moat, nrook_pool_corridor,
          chequers_serial_rivers_micro_c, nicolae_half_adder
D:6:      cheibrodos_thug_alley, layout_basic, gup_sewer_entry_glass
D:7:      layout_loops_corners, mainiacjoe_overflow_boulevard,
          minmay_temple_entry_tees, uniq_maggie, uniq_menkaure, uniq_joseph
D:8:      layout_rooms, grunt_dithmenos_shadows, gammafunk_temple_overflow_claw,
          dreamdust_gnoll_shepherd
D:9:      minmay_bloctagon_deflated, layout_long_grid,
          mainiacjoe_overflow_24_doors, nicolae_ru_the_path_less_chosen,
          due_lair_maze_entry_diamond, serial_shops,
          nicolae_shop_gibbet_a_chance, chequers_serial_rivers_micro_c,
          serial_bayou_ford_a, evilmike_butchery, uniq_prince_ribbit1
Temple:   hellmonk_temple_of_storms

Skill      XL: |  1  2  3  4  5  6  7  8  9 10 |
---------------+-------------------------------+-----
Dodging        | 2 3 4 5 6 7 |  7.1
Ranged Weapons | 4 5 6 8 9 10 | 10.5
Fighting       | 3 4 5 7 |  7.8
Stealth        | |  0.7

Action                     |  1- 3 |  4- 6 |  7- 9 | 10-12 || total
---------------------------+-------+-------+-------+-------++-------
   Fire: Sling             |   142 |   228 |   696 |   136 ||  1202
  Throw: Dart              |       |       |     2 |       ||     2
    Use: Potion            |       |       |     4 |       ||     4
         Scroll            |       |       |       |     1 ||     1
 Armour: Leather armour    |     2 |    20 |    90 |       ||   112
         Steam dragon scal |       |       |    19 |    28 ||    47
  Dodge: Dodged            |     2 |    21 |   120 |    23 ||   166

Table legend: (Time is in decaauts)
 A = Elapsed time spent in this place.
 B = Non-inter-level travel time spent in this place.
 C = Inter-level travel time spent in this place.
 D = Time resting spent in this place.
 E = Time spent auto-exploring this place.
 F = Levels seen in this place.
 G = Mean time per level.
                   A        B        C        D        E       F      G
               +--------+--------+--------+--------+--------+-----+--------+
         Total |   8549 |   8121 |    428 |    300 |   6592 |  11 |  777.2 |
       Dungeon |   7733 |   7305 |    428 |    300 |   5948 |   9 |  859.2 |
        Temple |      1 |      1 |      0 |      0 |      0 |   1 |    1.0 |
         Sewer |    813 |    813 |      0 |      0 |    644 |   1 |  813.0 |
               +--------+--------+--------+--------+--------+-----+--------+

Top non-repeatable levels by time:
     D:7: 1574 daAuts
     D:5: 1124 daAuts
     D:6: 1019 daAuts
     D:4: 987 daAuts
     D:2: 949 daAuts
   Sewer: 813 daAuts
     D:3: 785 daAuts
     D:1: 611 daAuts
     D:8: 582 daAuts
     D:9: 98 daAuts
  Temple: 1 daAuts
